SOB
HAVANA CONEJITOS @ MONTERREY LASERS
01/10/1982
 
TOP OF THE 1ST
Havana Conejitos batting - Pitching for Monterrey Lasers : LHP Neil Bryant
Pitching: LHP Neil Bryant
Batting: RHB Ulises Infante 0-0: Called Strike
0-1: Called Strike
0-2: Ball
1-2: Ball
2-2: Foul Ball, location: 2F
2-2: Ball
3-2: Strikes out swinging
Batting: LHB Scott Radloff 0-0: Called Strike
0-1: Called Strike
0-2: Strikes out swinging
Batting: RHB John Malkin 0-0: Called Strike
0-1: Ball
1-1: Ball
2-1: Ball
3-1: Base on Balls
Batting: LHB Jim Bennett 0-0: Called Strike
0-1: SINGLE (Line Drive, 4MD, EV 114.4 MPH)
John Malkin to second
Batting: LHB Donald Mazzilli 0-0: Ball
1-0: Called Strike
1-1: Swinging Strike
1-2: Foul Ball, location: 2F
1-2: Strikes out swinging
Top of the 1st over - 0 runs, 1 hit, 0 errors, 2 left on base; Havana 0 - Monterrey 0
BOTTOM OF THE 1ST
Monterrey Lasers batting - Pitching for Havana Conejitos : RHP Frank Pastore
Pitching: RHP Frank Pastore
Batting: LHB Lenny Dykstra 0-0: Ball
1-0: Bunted foul
1-1: Foul Ball, location: 2F
1-2: Foul Ball, location: 2F
1-2: Ball
2-2: Fly out, F8 (Flyball, 8RS, EV 86.9 MPH)
Batting: RHB Shawon Dunston 0-0: Called Strike
0-1: Ball
1-1: Swinging Strike
1-2: Ball
2-2: Strikes out swinging
Batting: LHB Terry Francona 0-0: Called Strike
0-1: Foul Ball, location: 2F
0-2: Ball
1-2: Foul Ball, location: 2F
1-2: Fly out, F6 (Popup, 6MD, EV 43.8 MPH)
Bottom of the 1st over - 0 runs, 0 hits, 0 errors, 0 left on base; Havana 0 - Monterrey 0
TOP OF THE 2ND
Havana Conejitos batting - Pitching for Monterrey Lasers : LHP Neil Bryant
Batting: SHB Julio Estrada 0-0: Called Strike
0-1: Ball
1-1: Foul Ball, location: 2F
1-2: Foul Ball, location: 2F
1-2: Ball
2-2: Foul Ball, location: 2F
2-2: Ball
3-2: Base on Balls
Batting: RHB Ramon Borrero 0-0: Ball
Julio Estrada is caught stealing 2nd base 2-4
1-0: Ball
2-0: Called Strike
2-1: Called Strike
2-2: Fly out, F4 (Popup, 4D, EV 56.3 MPH)
Batting: LHB Michael Robbins 0-0: Called Strike
0-1: Ball
1-1: Swinging Strike
1-2: SINGLE (Groundball, 56D, EV 105.6 MPH)
Batting: RHB Javier Flores 0-0: Foul Ball, location: 2F
0-1: Called Strike
0-2: Strikes out swinging
Top of the 2nd over - 0 runs, 1 hit, 0 errors, 1 left on base; Havana 0 - Monterrey 0
BOTTOM OF THE 2ND
Monterrey Lasers batting - Pitching for Havana Conejitos : RHP Frank Pastore
Batting: RHB Kirby Puckett 0-0: Ball
1-0: SINGLE (Flyball, 6D, EV 86.3 MPH)
Batting: RHB Victor Woods 0-0: Ball
Kirby Puckett steals 2nd base
1-0: Ball
Kirby Puckett steals 3rd base (no throw)
2-0: Called Strike
2-1: Foul Ball, location: 2F
2-2: Ball
3-2: Foul Ball, location: 2F
3-2: Base on Balls
Batting: RHB Juan Alvarez 0-0: Ground out 4-3 (Groundball, 13, EV 83.8 MPH)
Kirby Puckett scores
Victor Woods to second
Batting: RHB Guillermo Montiel 0-0: Ball
1-0: Called Strike
1-1: Swinging Strike
1-2: Ball
2-2: Strikes out swinging
Batting: RHB Juan Castro 0-0: Called Strike
0-1: Foul Ball, location: 2F
0-2: Ball
1-2: Ball
2-2: Strikes out swinging
Bottom of the 2nd over - 1 run, 1 hit, 0 errors, 1 left on base; Havana 0 - Monterrey 1
TOP OF THE 3RD
Havana Conejitos batting - Pitching for Monterrey Lasers : LHP Neil Bryant
Batting: RHB Ulises Infante 0-0: Ball
1-0: Ball
2-0: Ball
3-0: Base on Balls
Batting: LHB Scott Radloff 0-0: Ball
1-0: Called Strike
1-1: Foul Ball, location: 2F
1-2: Fly out, F6 (Flyball, 6D, EV 88.1 MPH)
Batting: RHB John Malkin 0-0: Ball
1-0: Ball
2-0: Ball
3-0: Called Strike
3-1: Base on Balls
Ulises Infante to second
Batting: LHB Jim Bennett 0-0: Called Strike
0-1: Fly out, F7 (Flyball, 7S, EV 84.4 MPH)
Batting: LHB Donald Mazzilli 0-0: Ball
1-0: Foul Ball, location: 2F
1-1: Ball
2-1: Ball
3-1: Foul Ball, location: 2F
3-2: Fly out, F8 (Line Drive, 8LM, EV 89.4 MPH)
Top of the 3rd over - 0 runs, 0 hits, 0 errors, 2 left on base; Havana 0 - Monterrey 1
BOTTOM OF THE 3RD
Monterrey Lasers batting - Pitching for Havana Conejitos : RHP Frank Pastore
Batting: RHB Bob Melvin 0-0: Ball
1-0: Called Strike
1-1: Ball
2-1: Ground out 5-3 (Groundball, 56S, EV 87.5 MPH)
Batting: LHB Lenny Dykstra 0-0: Ball
1-0: Ball
2-0: Called Strike
2-1: Foul Ball, location: 2F
2-2: Ball
3-2: Base on Balls
Batting: RHB Shawon Dunston 0-0: Called Strike
Lenny Dykstra steals 2nd base
0-1: Ball
Wild Pitch!
Lenny Dykstra to third
1-1: Ground out 6-3 (Groundball, 6, EV 81.3 MPH)
Lenny Dykstra scores
Batting: LHB Terry Francona 0-0: Swinging Strike
0-1: Fly out, F8 (Flyball, 8LD, EV 88.1 MPH)
Bottom of the 3rd over - 1 run, 0 hits, 0 errors, 0 left on base; Havana 0 - Monterrey 2
TOP OF THE 4TH
Havana Conejitos batting - Pitching for Monterrey Lasers : LHP Neil Bryant
Batting: SHB Julio Estrada 0-0: Ball
1-0: Ball
2-0: Foul Ball, location: 2F
2-1: Ball
3-1: Base on Balls
Batting: RHB Ramon Borrero 0-0: Ball
1-0: Ball
2-0: Ball
3-0: Base on Balls
Julio Estrada to second
Batting: LHB Michael Robbins 0-0: Ball
1-0: Foul Ball, location: 2F
1-1: Foul Ball, location: 2F
1-2: Ball
2-2: Fly out, F7 (Flyball, 7LD, EV 93.1 MPH)
Batting: RHB Javier Flores 0-0: Fly out, F8 (Flyball, 8LD, EV 101.9 MPH)
Batting: RHB Ulises Infante 0-0: Fly out, F4 (Popup, 34S, EV 81.3 MPH)
Top of the 4th over - 0 runs, 0 hits, 0 errors, 2 left on base; Havana 0 - Monterrey 2
BOTTOM OF THE 4TH
Monterrey Lasers batting - Pitching for Havana Conejitos : RHP Frank Pastore
Batting: RHB Kirby Puckett 0-0: Ball
1-0: Called Strike
1-1: Called Strike
1-2: Strikes out swinging
Batting: RHB Victor Woods 0-0: Foul Ball, location: 2F
0-1: Ball
1-1: Ground out 5-3 (Groundball, 56, EV 86.9 MPH)
Batting: RHB Juan Alvarez 0-0: Called Strike
0-1: Ball
1-1: Fly out, F8 (Line Drive, 8LD, EV 98.1 MPH)
Bottom of the 4th over - 0 runs, 0 hits, 0 errors, 0 left on base; Havana 0 - Monterrey 2
TOP OF THE 5TH
Havana Conejitos batting - Pitching for Monterrey Lasers : LHP Neil Bryant
Batting: LHB Scott Radloff 0-0: Ball
1-0: Ball
2-0: Called Strike
2-1: Foul Ball, location: 2F
2-2: Ball
3-2: Ground out 6-3 (Groundball, 6, EV 104.4 MPH)
Batting: RHB John Malkin 0-0: Ball
1-0: Called Strike
1-1: Ball
2-1: Swinging Strike
2-2: Strikes out swinging
Batting: LHB Jim Bennett 0-0: Ball
1-0: Foul Ball, location: 2F
1-1: Foul Ball, location: 2F
1-2: Ground out 5-3 (Groundball, 5L, EV 101.9 MPH)
Top of the 5th over - 0 runs, 0 hits, 0 errors, 0 left on base; Havana 0 - Monterrey 2
BOTTOM OF THE 5TH
Monterrey Lasers batting - Pitching for Havana Conejitos : RHP Frank Pastore
Batting: RHB Guillermo Montiel 0-0: Called Strike
0-1: Ball
1-1: Ball
2-1: Ball
3-1: Base on Balls
Batting: RHB Juan Castro 0-0: Ball
1-0: Foul Ball, location: 2F
1-1: Foul Ball, location: 2F
1-2: DOUBLE (Line Drive, 7LM, EV 105.0 MPH)
Guillermo Montiel to third
Runner from 3rd tries for Home, SAFE, no throw by LF
Batting: RHB Bob Melvin 0-0: 2-RUN HOME RUN (Flyball, 78XD, EV 104.4 MPH), Distance : 437 ft
Pitching: LHP Jose Perez
Batting: LHB Lenny Dykstra 0-0: Called Strike
0-1: Ball
1-1: Ball
2-1: Foul Ball, location: 2F
2-2: Foul Ball, location: 2F
2-2: Ball
3-2: Base on Balls
Batting: RHB Shawon Dunston 0-0: Ball
1-0: Foul Ball, location: 2F
1-1: Ball
2-1: Called Strike
2-2: Strikes out swinging
Batting: LHB Terry Francona 0-0: Called Strike
0-1: Ground out 5-3 (Groundball, 56, EV 106.3 MPH)
Lenny Dykstra to second
Batting: RHB Kirby Puckett 0-0: Ball
1-0: Ball
2-0: Ball
3-0: Called Strike
3-1: Called Strike
3-2: Foul Ball, location: 2F
3-2: Strikes out looking
Bottom of the 5th over - 3 runs, 2 hits, 0 errors, 1 left on base; Havana 0 - Monterrey 5
TOP OF THE 6TH
Havana Conejitos batting - Pitching for Monterrey Lasers : LHP Neil Bryant
Batting: LHB Donald Mazzilli 0-0: Called Strike
0-1: Swinging Strike
0-2: Strikes out swinging
Batting: SHB Julio Estrada 0-0: Ball
1-0: Foul Ball, location: 2F
1-1: Ball
2-1: Ball
3-1: Foul Ball, location: 2F
3-2: SINGLE (Line Drive, 34D, EV 105.0 MPH)
Batting: RHB Ramon Borrero 0-0: Ball
1-0: Fly out, F8 (Flyball, 89D, EV 101.3 MPH)
Batting: LHB Michael Robbins 0-0: Called Strike
0-1: Ball
1-1: Foul Ball, location: 2F
1-2: Strikes out swinging
Top of the 6th over - 0 runs, 1 hit, 0 errors, 1 left on base; Havana 0 - Monterrey 5
BOTTOM OF THE 6TH
Monterrey Lasers batting - Pitching for Havana Conejitos : LHP Jose Perez
Batting: RHB Victor Woods 0-0: Foul Ball, location: 2F
0-1: SINGLE (Line Drive, 4M, EV 94.4 MPH)
Batting: RHB Juan Alvarez 0-0: Called Strike
0-1: Ball
1-1: Grounds into double play, 5-4-3 (Groundball, 5S, EV 90.6 MPH)
Batting: RHB Guillermo Montiel 0-0: Hit by Pitch
Batting: RHB Juan Castro 0-0: Ball
1-0: SINGLE (Line Drive, 6M, EV 101.9 MPH)
Guillermo Montiel to second
Runner from 2nd tries for 3rd, SAFE, no throw by CF
Batting: RHB Bob Melvin 0-0: Fielders Choice at 2nd, U4 (Groundball, 4M, EV 91.3 MPH)
Bottom of the 6th over - 0 runs, 2 hits, 0 errors, 2 left on base; Havana 0 - Monterrey 5
TOP OF THE 7TH
Havana Conejitos batting - Pitching for Monterrey Lasers : LHP Neil Bryant
Batting: RHB Javier Flores 0-0: Ball
1-0: Ball
2-0: Ground out 6-3 (Groundball, 6, EV 97.5 MPH)
Batting: RHB Ulises Infante 0-0: Foul Ball, location: 2F
0-1: Called Strike
0-2: Ball
1-2: Ball
2-2: Fly out, F8 (Flyball, 8LS, EV 87.5 MPH)
Batting: LHB Scott Radloff 0-0: Swinging Strike
0-1: Foul Ball, location: 2F
0-2: Ball
1-2: Strikes out swinging
Top of the 7th over - 0 runs, 0 hits, 0 errors, 0 left on base; Havana 0 - Monterrey 5
BOTTOM OF THE 7TH
Monterrey Lasers batting - Pitching for Havana Conejitos : LHP Jose Perez
Batting: LHB Lenny Dykstra 0-0: Foul Ball, location: 2F
0-1: Swinging Strike
0-2: Ball
1-2: Ball
2-2: Foul Ball, location: 2F
2-2: Ball
3-2: Base on Balls
Batting: RHB Shawon Dunston 0-0: Ball
1-0: SINGLE (Line Drive, 34D, EV 95.6 MPH)
Lenny Dykstra to second
Runner from 2nd tries for 3rd, SAFE, throw by RF made to third
Batting: LHB Terry Francona 0-0: Called Strike
0-1: Swinging Strike
0-2: Fly out, F8 (Line Drive, 8RD, EV 97.5 MPH)
Runner from 3rd tags up, SCORES, throw by CF
Batting: RHB Kirby Puckett 0-0: Ball
1-0: Ball
2-0: Foul Ball, location: 2F
2-1: Reached on error, E5 (Groundball, 25, EV 85.0 MPH)
Shawon Dunston to second
Batting: RHB Victor Woods 0-0: Called Strike
Shawon Dunston steals 3rd base
Kirby Puckett to second
0-1: Ball
1-1: Called Strike
1-2: Ball
2-2: Ball
3-2: Ground out 5-3 (Groundball, 56S, EV 68.1 MPH)
Shawon Dunston scores
Kirby Puckett to third
Batting: RHB Juan Alvarez 0-0: Ground out 5-3 (Groundball, 5, EV 105.6 MPH)
Bottom of the 7th over - 2 runs, 1 hit, 1 error, 1 left on base; Havana 0 - Monterrey 7
TOP OF THE 8TH
Havana Conejitos batting - Pitching for Monterrey Lasers : LHP Neil Bryant
Batting: RHB John Malkin 0-0: Ball
1-0: Ball
2-0: Ball
3-0: Foul Ball, location: 2F
3-1: Foul Ball, location: 2F
3-2: Strikes out swinging
Batting: LHB Jim Bennett 0-0: Ball
1-0: Ball
2-0: Foul Ball, location: 2F
2-1: Foul Ball, location: 2F
2-2: Ball
3-2: SINGLE (Groundball, 56, EV 105.6 MPH) (infield hit)
Batting: LHB Donald Mazzilli 0-0: Swinging Strike
0-1: SINGLE (Line Drive, 7S, EV 100.0 MPH)
Jim Bennett to second
Batting: SHB Julio Estrada 0-0: Ball
1-0: Fielders Choice at 2nd, 5-4 (Groundball, 56, EV 87.5 MPH)
Jim Bennett to third
Batting: RHB Ramon Borrero 0-0: Ball
Wild Pitch!
Jim Bennett scores
Julio Estrada to second
1-0: Ball
2-0: Called Strike
2-1: Ground out 5-3 (Groundball, 56S, EV 84.4 MPH)
Top of the 8th over - 1 run, 2 hits, 0 errors, 1 left on base; Havana 1 - Monterrey 7
BOTTOM OF THE 8TH
Monterrey Lasers batting - Pitching for Havana Conejitos : LHP Jose Perez
Batting: RHB Guillermo Montiel 0-0: Called Strike
0-1: Ball
1-1: SINGLE (Flyball, 8RS, EV 93.8 MPH)
Batting: RHB Juan Castro 0-0: Called Strike
0-1: Fly out, F9 (Flyball, 89D, EV 83.8 MPH)
Batting: RHB Bob Melvin 0-0: Ball
1-0: Ball
2-0: Called Strike
2-1: Called Strike
2-2: Fly out, F7 (Line Drive, 7, EV 87.5 MPH)
Batting: LHB Lenny Dykstra 0-0: Swinging Strike
0-1: Called Strike
0-2: Ball
1-2: Ball
2-2: SINGLE (Groundball, 6D, EV 109.4 MPH)
Guillermo Montiel to second
Batting: RHB Shawon Dunston 0-0: Ball
1-0: Called Strike
1-1: Fly out, F5 (Popup, 56, EV 70.0 MPH)
Bottom of the 8th over - 0 runs, 2 hits, 0 errors, 2 left on base; Havana 1 - Monterrey 7
TOP OF THE 9TH
Havana Conejitos batting - Pitching for Monterrey Lasers : LHP Neil Bryant
Batting: LHB Michael Robbins 0-0: Called Strike
0-1: Foul Ball, location: 2F
0-2: Strikes out swinging
Batting: RHB Javier Flores 0-0: Hit by Pitch
Batting: RHB Ulises Infante 0-0: SINGLE (Groundball, 56S, EV 75.6 MPH) (infield hit)
Javier Flores to second
Pitching: RHP Bill Davis
Batting: LHB Scott Radloff 0-0: Swinging Strike
0-1: Fielders Choice at 2nd, 4-6 (Groundball, 4, EV 81.3 MPH)
Javier Flores to third
Batting: RHB John Malkin 0-0: Ball
1-0: Ball
2-0: Ball
3-0: Called Strike
3-1: Foul Ball, location: 2F
3-2: Fly out, F8 (Flyball, 78D, EV 101.9 MPH)
Top of the 9th over - 0 runs, 1 hit, 0 errors, 2 left on base; Havana 1 - Monterrey 7
Tuesday, July 7th, 2020 - OOTP Baseball 21.4 Build 63